Map: [ESL] Royal Blood

Players

Classic - Winner!

  • Race: Protoss Protoss
  • Spawn Location: 7:00

Astrea

  • Race: Protoss Protoss
  • Spawn Location: 1:00

Event: ESL SC2 Masters 2023 Summer (Finals)

VOD

Have the link to the VOD?

Description

Time

  • Played on: June 17, 2023, 2:14 p.m.
  • Length: 15:34

All games in this series

Show
View Real Time Build Order
Export as new Build Order

Classic Protoss - Winner!

Build Orders:  

Get SALT Encoding   

  12  0:00  Probe  
  13  0:12  Probe  
  14  0:16  Pylon  
  14  0:24  Probe  
  15  0:34  Gateway  
  15  0:36  Probe (Chrono Boost)  
  16  0:46  Probe (Chrono Boost), Assimilator  
  17  0:51  Probe (Chrono Boost)  
  17  0:56  Assimilator  
  18  1:03  Probe (Chrono Boost)  
  19  1:07  Gateway  
  20  1:12  Probe (Chrono Boost)  
  20  1:17  Probe (Chrono Boost)  
  20  1:24  Cybernetics Core  
  21  1:29  Probe  
  22  1:35  Pylon  
  22  1:41  Probe  
  23  1:53  Probe  
  24  2:00  Stalker x2  
  28  2:01  Warp Gate  
  28  2:11  Pylon  
  28  2:25  Robotics Facility  
  28  2:32  Stalker  
  28  2:34  Stalker  
  32  2:47  Gateway  
  32  3:01  Pylon  
  32  3:06  Stalker  
  32  3:07  Stalker  
  34  3:19  Warp Prism (Chrono Boost)  
  36  3:30  Shield Battery  
  35  3:52  Stalker x2  
  39  3:56  Stalker  
  39  4:00  Pylon  
  41  4:09  Observer  
  42  4:17  Sentry  
  42  4:18  Stalker  
  42  4:21  Stalker  
  45  4:38  Pylon  
  45  4:51  Immortal (Chrono Boost)  
  45  5:04  Stalker x2  
  41  5:11  Stalker  
  43  5:27  Observer  
  43  5:30  Observer  
  43  5:31  Stalker  
  43  5:32  Stalker  
  47  5:37  Pylon  
  47  5:46  Stargate  
  46  6:02  Immortal  
  50  6:05  Probe  
  51  6:26  Pylon  
  51  6:31  Phoenix (Chrono Boost)  
  53  6:52  Phoenix (Chrono Boost)  
  55  6:56  Immortal  
  55  6:59  Pylon  
  59  7:15  Phoenix (Chrono Boost)  
  61  7:29  Stalker  
  63  7:52  Immortal  
  67  8:01  Nexus  
  67  8:22  Pylon  
  67  8:23  Pylon  
  67  8:31  Observer  
  68  8:39  Stalker  
  70  8:44  Adept x2  
  74  8:52  Pylon  
  72  9:07  Sentry, Adept  
  72  9:08  Adept  
  72  9:40  Sentry x2, Adept  
  72  9:45  Shield Battery  
  78  9:59  Adept  
  69  10:15  Stalker  
  69  10:17  Pylon  
  69  10:20  Pylon  
  71  10:22  Gateway  
  71  10:24  Gateway  
  71  10:49  Probe  
  72  11:01  Probe  
  71  11:09  Pylon  
  69  11:14  Pylon  
  69  11:22  Zealot  
  69  11:23  Adept  
  69  11:51  Zealot x5  
  79  12:23  Zealot x5  
  89  12:46  Nexus  
  89  12:47  Pylon  
  89  12:48  Adept  
  89  12:49  Zealot x4  
  97  13:30  Zealot x5  
  87  13:54  Zealot x2  
  87  13:55  Zealot x3  
  93  14:00  Assimilator  
  93  14:17  Probe  
  93  14:22  Zealot  
  96  14:29  Probe  
  83  14:46  Zealot x4  
  83  14:47  Zealot  
  91  15:30  Zealot x2  
Show
View Real Time Build Order
Export as new Build Order

Astrea Protoss 

Build Orders:  

Get SALT Encoding   

  12  0:00  Probe  
  13  0:12  Probe  
  14  0:17  Pylon  
  14  0:24  Probe (Chrono Boost)  
  15  0:35  Gateway  
  16  0:36  Probe (Chrono Boost)  
  16  0:43  Probe (Chrono Boost)  
  16  0:45  Assimilator  
  17  0:51  Probe  
  17  0:54  Assimilator  
  18  1:03  Probe (Chrono Boost)  
  19  1:06  Gateway  
  20  1:12  Probe (Chrono Boost)  
  20  1:17  Probe (Chrono Boost)  
  20  1:24  Cybernetics Core  
  21  1:29  Probe  
  22  1:34  Pylon  
  22  1:41  Probe  
  23  1:57  Warp Gate (Chrono Boost)  
  27  2:12  Nexus  
  27  2:15  Stalker  
  25  2:21  Stalker  
  27  2:35  Gateway  
  27  2:45  Stalker  
  27  2:46  Pylon  
  29  2:52  Stalker  
  29  3:13  Probe  
  30  3:23  Pylon  
  30  3:25  Gateway  
  30  3:27  Probe  
  30  3:30  Probe  
  31  3:39  Stalker x3  
  37  3:42  Probe  
  39  4:02  Shield Battery, Stalker x3  
  44  4:09  Robotics Facility  
  44  4:29  Stalker  
  44  4:31  Pylon  
  46  4:32  Pylon  
  36  5:00  Immortal (Chrono Boost)  
  37  5:13  Sentry x3  
  43  5:33  Observer (Chrono Boost)  
  43  5:50  Nexus  
  43  5:56  Warp Prism (Chrono Boost)  
  43  6:06  Shield Battery  
  43  6:21  Observer  
  43  6:24  Observer  
  43  6:26  Probe  
  43  6:29  Stalker x2  
  43  6:30  Observer  
  44  6:38  Probe  
  45  6:49  Pylon  
  45  6:53  Probe  
  46  6:57  Pylon  
  46  7:02  Adept x2  
  46  7:06  Probe  
  51  7:20  Observer  
  55  7:22  Immortal (Chrono Boost)  
  55  7:24  Sentry, Stalker  
  53  7:37  Gateway  
  53  7:38  Gateway  
  53  7:49  Sentry  
  53  7:51  Observer  
  51  7:53  Immortal (Chrono Boost)  
  51  7:55  Shield Battery, Observer  
  55  8:04  Gateway  
  55  8:10  Probe  
  54  8:23  Adept  
  54  8:26  Warp Prism (Chrono Boost)  
  56  8:30  Probe  
  56  8:32  Sentry  
  61  8:35  Adept  
  62  8:45  Adept  
  62  8:47  Probe  
  65  8:48  Pylon  
  65  8:49  Probe  
  65  8:52  Gateway  
  66  8:56  Adept x2  
  66  8:57  Immortal (Chrono Boost)  
  74  9:05  Adept, Observer  
  74  9:09  Adept  
  78  9:22  Adept x2  
  82  9:38  Adept x2  
  86  9:43  Robotics Facility  
  86  9:51  Adept x3  
  74  9:55  Assimilator  
  63  10:42  Observer  
  63  10:43  Pylon  
  63  10:44  Pylon  
  63  10:46  Pylon x2  
  63  10:48  Pylon  
  63  10:50  Pylon, Observer  
  63  10:53  Pylon  
  63  11:04  Immortal (Chrono Boost)  
  63  11:10  Gateway  
  67  11:24  Gateway, Phoenix  
  66  11:34  Stalker x2  
  66  11:35  Stalker x2  
  66  11:40  Probe  
  64  12:12  Nexus  
  62  12:24  Probe  
  61  12:42  Zealot  
  61  12:43  Zealot  
  62  12:46  Cybernetics Core  
  62  13:00  Probe  
Tags
 
Add a new tag
Caveats
  • Supply blocks, unpowered buildings, or Contaminate may cause inaccurate times.
  • Supply counts are checked every 10 seconds.